 Dungeon Crawl Stone Soup version 0.29.1-1-gd02db6906a (webtiles) character file.

Game seed: 7352536865160900437

2 funnyparkerb the Cutter (level 1, -5/11 HPs)
             Began as a Vine Stalker Monk on Sept 28, 2022.
             Slain by a gnoll
             ... wielding a +0 flail of protection
              (6 damage)
             ... on level 1 of the Dungeon.
             The game lasted 00:00:29 (318 turns).

funnyparkerb the Cutter (Vine Stalker Monk)          Turns: 318, Time: 00:00:30

Health: -5/11      AC:  2    Str: 13    XL:     1   Next: 40%
Magic:  0/2        EV: 12    Int: 10    God:
Gold:   8          SH:  0    Dex: 16    Spells: 0/0 levels left

rFire   . . .      SeeInvis .   a - +0 short sword
rCold   . . .      Faith    .   (no shield)
rNeg    . . .      Spirit   +   b - +0 robe
rPois   .          Reflect  .   (no helmet)
rElec   .          Harm     .   (no cloak)
rCorr   .          Rampage  .   (no gloves)
Will    .....                   (no boots)
Stlth   ++........              (no amulet)
HPRegen 0.03/turn               (no ring)
MPRegen 0.08/turn               (no ring)

@: no status effects
A: fangs 2, magic shield, antimagic bite, no potion heal 2
a: no special abilities


You were on level 1 of the Dungeon.
You visited 1 branch of the dungeon, and saw 1 of its levels.

You collected 8 gold pieces.

Inventory:

Hand Weapons
 a - a +0 short sword (weapon)
Armour
 b - a +0 robe (worn)
Scrolls
 f - 2 scrolls of identify {unknown}
Potions
 c - a potion of ambrosia
 d - a potion of magic {unknown}
 e - a potion of degeneration {unknown}


   Skills:
 + Level 2.8 Fighting
 + Level 2.8 Short Blades
 - Level 2.4 Dodging
 - Level 2.4 Stealth


You couldn't memorise any spells.
You didn't know any spells.
Your spell library was empty.

Dungeon Overview and Level Annotations

Branches:
Dungeon (1/15)

Altars:


Innate Abilities, Weirdness & Mutations

You have extremely sharp teeth.
When hurt, damage is shared between your health and your magic reserves.
Your bite disrupts and absorbs the magic of your enemies.
Potions cannot restore your health.


Message History

You barely miss the goblin. Your bite misses the goblin.
The goblin is heavily wounded.
The goblin hits you with a +0 club.
You barely miss the goblin. Your bite misses the goblin.
The goblin is heavily wounded.
The goblin hits you with a +0 club.
You hit the goblin but do no damage.
The goblin is heavily wounded.
The goblin misses you.
You hit the goblin.
You kill the goblin!
Magic restored.
HP restored.
f - 2 scrolls labelled ELATSO HUREAW (gained 1)
You now have 8 gold pieces (gained 4).
As you open the door, it creaks loudly!
A gnoll comes into view.
It is wielding a +0 flail of protection.
You hear an angry hiss.
The gnoll shouts!
You hear an angry hiss.
You hear a shout!
A ball python comes into view.
There is an open door here.
There is an open door here.
A bat comes into view.
The bat closely misses you. The bat barely misses you.
You hit the bat. You bite the bat. You drain its power.
The bat is severely wounded.
The bat hits you. The bat barely misses you.
You hit the bat.
You kill the bat!
The gnoll hits you with a +0 flail of protection.
You barely miss the gnoll. You bite the gnoll, but do no damage.
The gnoll barely misses you.
You hit the gnoll but do no damage.
The gnoll hits you with a +0 flail of protection!
Ouch! That really hurt!
* * * LOW HITPOINT WARNING * * *
You closely miss the gnoll.
The gnoll hits you with a +0 flail of protection!
Ouch! That really hurt!
You die...

########## >........#
.........#########
.....##...........
.....8#..#.###########.#
..8...#..#.# #^@.......
.....8#..#.####g######.#
.....##................
<8######.###.##.######.
### #... #.##.# #...
#.##.#### #. #.##....# .
#.##....# #. # #.##....#


You could see a gnoll.

Vanquished Creatures
  A bat (D:1)
  A goblin (D:1)
2 creatures vanquished.

Notes
Turn   | Place    | Note
-------+----------+-------------------------------------------
     0 | D:1      | funnyparkerb the Vine Stalker Monk began the quest for the
                  | Orb.
     0 | D:1      | Reached XP level 1. HP: 11/11 MP: 2/2
   318 | D:1      | Slain by a gnoll

Illustrated notes

Levels and vault maps discovered:
D:1:      mrwooster_arrival_statue_2, layout_basic,
          ebering_ecumenical_altar_mist

Action                   || total
-------------------------++-------
Melee: Short sword       ||    17
       Bite              ||     4
Armor: Robe              ||     1
Dodge: Dodged            ||     8
